 Dungeon Crawl Stone Soup version 0.31-a0-1074-g0b22e4e0f1 (webtiles) character file.

Game seed: 15373846522641784954

3046 bmack86 the Cleaver (level 9, -9/70 HPs)
             Began as a Minotaur Fighter on Dec 6, 2023.
             Was a Believer of Okawaru.
             Killed from afar by a larval batshock beast (20 damage)
             ... with a living lightning
             ... on level 9 of the Dungeon.
             The game lasted 00:15:11 (7805 turns).

bmack86 the Cleaver (Minotaur Fighter)              Turns: 7805, Time: 00:15:12

Health: -9/70      AC: 11    Str: 24    XL:     9   Next: 56%
Magic:  11/11      EV:  8    Int:  5    God:    Okawaru [**....]
Gold:   523        SH:  7    Dex: 19    Spells: 8/8 levels left

rFire   + + .        a - +1 war axe
rCold   + + .        c - +1 buckler
rNeg    . . .        e - +0 chain mail
rPois   +            (helmet restricted)
rElec   .            r - scarf {rC+ rF+}
rCorr   .            (no gloves)
SInv    .            z - +1 pair of boots
Will    .....        (no amulet) Stlth
                     v - +6 ring of dexterity
HPRegen 0.31/turn    s - ring of poison resistance
MPRegen 0.12/turn

%: no passive effects
@: no status effects
A: horns 2, retaliatory headbutt, thin skeletal structure 1, cold resistance 1,
fire resistance 1
a: Renounce Religion, Heroism


You were on level 9 of the Dungeon.
You worshipped Okawaru.
Okawaru was pleased with you.
You visited 2 branches of the dungeon, and saw 10 of its levels.

You collected 523 gold pieces.

Inventory:

Hand Weapons
 a - a +1 war axe (weapon)
 i - a +2 antimagic hand axe
Missiles
 n - 5 curare-tipped darts
 t - 3 darts of dispersal
 x - a throwing net
 y - 2 boomerangs (quivered)
Armour
 b - a +0 scale mail
 c - a +1 buckler (worn)
 e - a +0 chain mail (worn)
 r - a scarf of resistance (worn)
 z - a +1 pair of boots (worn)
Jewellery
 k - a ring of flight
 s - a ring of poison resistance (right hand)
 v - a +6 ring of dexterity (left hand)
Wands
 o - a wand of charming (7)
 p - a wand of light (10)
Scrolls
 f - 2 scrolls of revelation
 j - a scroll of amnesia
 l - a scroll of immolation
 m - a scroll of teleportation
 u - a scroll of torment
 w - a scroll of poison {unknown}
Potions
 d - a potion of mutation
 g - 2 potions of curing
 h - 3 potions of attraction


   Skills:
 - Level 3.6 Fighting
 * Level 14.2 Axes
 - Level 3.6 Armour
 - Level 5.0 Shields
 + Level 5.2 Invocations


You had 8 spell levels left.
You didn't know any spells.
Your spell library contained the following spells:

 Spells                   Type           Power      Damage    Failure   Level
 Magic Dart               Conj           0%         1d3       98%         1
 Shock                    Conj/Air       0%         1d3       98%         1
 Blink                    Tloc           0%         N/A       99%         2
 Lesser Beckoning         Tloc           0%         N/A       99%         2
 Momentum Strike          Conj/Tloc      0%         3d8       99%         2
 Scorch                   Fire           0%         2d5       99%         2
 Searing Ray              Conj           0%         2d4       99%         2
 Gell's Gravitas          Tloc           0%         N/A       100%        3
 Mephitic Cloud           Conj/Pois/Air  0%         N/A       100%        3
 Ozocubu's Armour         Ice            0%         N/A       100%        3
 Swiftness                Air            0%         N/A       100%        3
 Teleport Other           Tloc           0%         N/A       100%        3
 Airstrike                Air            0%         2d(0-16)  100%        4
 Flame Wave               Conj/Fire      0%         2d4       100%        4
 Fulminant Prism          Conj/Hex       0%         3d5       100%        4
 Vhi's Electric Charge    Tloc/Air       0%         N/A       100%        4
 Arcjolt                  Conj/Air       0%         1d10      100%        5
 Dispersal                Tloc           0%         N/A       100%        6
 Plasma Beam              Fire/Air       0%         2x1d10    100%        6
 Ozocubu's Refrigeration  Ice            0%         4d7       100%        7
 Call Imp                 Summ           Unusable   N/A       N/A         2
 Summon Cactus Giant      Summ           Unusable   N/A       N/A         6

Dungeon Overview and Level Annotations

Branches:
Dungeon (9/15)             Temple (1/1) D:6
   Lair: D:8-11         Orc: D:9-12

Altars:
Ashenzari
Cheibriados
Dithmenos
Elyvilon
Fedhas
Gozag
Hepliaklqana
Kikubaaqudgha
Makhleb
Nemelex Xobeh
Okawaru
Qazlal
Ru
Trog
Uskayaw
Vehumet
Wu Jian
Zin
The Shining One

Portals:
Abyss: D:8

Annotations:
D:8 2 transporters, THTSBRD's ghost, novice DrSh
D:9 Erolcha


Innate Abilities, Weirdness & Mutations

You have a pair of horns on your head.
You reflexively headbutt those who attack you in melee.
You have a somewhat thin skeletal structure. (Dex +2, Stealth+)
Your flesh is cold resistant. (rC+)
Your flesh is heat resistant. (rF+)


Message History

You hit the larval batshock beast but do no damage.
The larval batshock beast bursts into living lightning!
The living lightning misses you.
The larval batshock beast blinks!
The larval batshock beast hits you but does no damage.
The larval fireox beast breathes flames at you.
The blast of flame hits you. You resist.
The larval batshock beast completely misses you.
A larval stingbat beast comes into view.
You block the larval batshock beast's attack.
Erolcha mumbles some strange words.
Erolcha flickers and vanishes!
Deactivating autopickup; reactivate with Ctrl-A.
The larval fireox beast hits you but does no damage.
The larval fireox beast tramples you.
You hold your ground!
The larval stingbat beast gives a hideous shriek!
You see here a +0 club.
The larval batshock beast hits you but does no damage.
The larval batshock beast bursts into living lightning!
The living lightning hits you!
The larval batshock beast blinks!
The larval fireox beast breathes flames at you.
The blast of flame hits you. You resist. The larval batshock beast hits you.
The larval batshock beast bursts into living lightning!
The living lightning hits something!
The living lightning misses you.
The larval batshock beast blinks!
Something hits you!!
* * * LOW HITPOINT WARNING * * *
It was a potion of mutation.
You feel extremely strange.
Your bones become slightly less dense.
You feel resistant to cold.
You feel resistant to heat.
The larval stingbat beast stings you but does no damage. x2
The larval batshock beast closely misses you.
The larval fireox beast barely misses you.
The larval fireox beast tramples you but does no damage.
Okay, then.
You feel better.
The larval batshock beast barely misses you.
The larval stingbat beast barely misses you.
The larval batshock beast bursts into living lightning!
The living lightning hits you!!
You die...

.....#. ###.......
#......... #......}..
.... #......##.........
.....#.....##....H..)..
....#.....# #.H{......
...#.....###.@#..... ..
#.......##.)HH#....
....#......# #†........
....#......###))##.....
..........[.....# #...#
.............#### ####
..##.........###
..##............#
..##............#


You could see 4 mutant beasts.

Vanquished Creatures
  A two-headed ogre (D:9)
  2 steam dragons (D:9)
  An acid dragon (D:9)
  2 water moccasins
  An ice beast (D:5)
  2 sky beasts
  An ogre (D:4)
  A phantom (D:5)
  2 bullfrogs
  A scorpion (D:4)
  9 killer bees
  A howler monkey (D:5)
  A gnoll bouda (D:7)
  3 hounds
  4 jellies
  3 iguanas
  5 orc wizards
  A mutant beast (D:9)
  14 adders
  12 gnolls
  6 ufetubi
  5 dart slugs
  A worm (D:4)
  22 orcs
  7 endoplasms
  4 giant cockroaches
  6 hobgoblins
  4 jackals (D:5)
  2 quokkas
  5 ball pythons
  3 bats
  2 frilled lizards
  10 goblins
  10 kobolds
  8 rats
162 creatures vanquished.

Notes
Turn   | Place    | Note
-------+----------+-------------------------------------------
     0 | D:1      | bmack86 the Minotaur Fighter began the quest for the Orb.
     0 | D:1      | Reached XP level 1. HP: 19/19 MP: 0/0
    58 | D:1      | Reached XP level 2. HP: 23/26 MP: 1/1
   357 | D:1      | Reached skill level 3 in Axes
   524 | D:1      | Reached XP level 3. HP: 31/31 MP: 2/2
   929 | D:2      | You fall into a shaft and drop 2 floors!
  1198 | D:3      | Reached skill level 5 in Shields
  1258 | D:3      | Reached skill level 4 in Axes
  1264 | D:3      | Reached XP level 4. HP: 37/39 MP: 1/3
  1408 | D:2      | Reached skill level 5 in Axes
  1586 | D:2      | Reached XP level 5. HP: 45/45 MP: 1/4
  2370 | D:3      | Identified the +5 sling of Action {drain, rElec rC+ rCorr
                  | SInv}
  2477 | D:3      | Found a faded altar of an unknown god.
  2891 | D:4      | Reached skill level 6 in Axes
  2973 | D:4      | Identified the +2 leather armour of the Wilderness {rC++
                  | Int-5 Dex+4}
  3021 | D:4      | Found a snail-covered altar of Cheibriados.
  3028 | D:4      | Noticed a sky beast
  3037 | D:4      | Killed a sky beast
  3038 | D:4      | Reached skill level 7 in Axes
  3038 | D:4      | Reached XP level 6. HP: 26/51 MP: 1/5
  3329 | D:4      | Reached skill level 8 in Axes
  3560 | D:4      | Reached XP level 7. HP: 57/57 MP: 2/6
  3729 | D:5      | Entered Level 5 of the Dungeon
  3749 | D:5      | Reached skill level 9 in Axes
  4012 | D:5      | Reached skill level 10 in Axes
  4182 | D:5      | Reached XP level 8. HP: 64/64 MP: 7/7
  4622 | D:5      | Reached skill level 11 in Axes
  5071 | D:6      | Found a staircase to the Ecumenical Temple.
  5082 | Temple   | Entered the Ecumenical Temple
  5114 | Temple   | Became a worshipper of Warmaster Okawaru
  5504 | D:6      | Found a sacrificial altar of Ru.
  5521 | D:6      | Reached skill level 1 in Invocations
  5678 | D:6      | Found a shadowy altar of Dithmenos.
  6160 | D:7      | Reached skill level 12 in Axes
  6295 | D:7      | Found an ancient bone altar of Kikubaaqudgha.
  6295 | D:7      | Found a hazy altar of Hepliaklqana.
  6347 | D:7      | Found a broken altar of Ashenzari.
  6819 | D:8      | Noticed a green ugly thing
  6827 | D:8      | Found a transporter.
  6854 | D:8      | Reached * piety under Okawaru
  7069 | D:8      | Found a transporter.
  7069 | D:8      | Noticed THTSBRD's ghost (novice DrSh)
  7078 | D:8      | Found a one-way gate to the infinite horrors of the Abyss.
  7333 | D:8      | Found a hide-covered altar of Uskayaw.
  7334 | D:8      | Noticed a +0 hand axe
  7335 | D:8      | Noticed a +0 dagger
  7501 | D:9      | Reached XP level 9. HP: 65/70 MP: 10/10
  7502 | D:9      | Reached skill level 13 in Axes
  7504 | D:9      | Noticed a two-headed ogre
  7514 | D:9      | Killed a two-headed ogre
  7514 | D:9      | Reached ** piety under Okawaru
  7515 | D:9      | HP: 3/70 [acid dragon (8)]
  7517 | D:9      | Reached skill level 14 in Axes
  7517 | D:9      | Reached skill level 5 in Invocations
  7794 | D:9      | Noticed Erolcha
  7803 | D:9      | HP: 2/70 [something (20)]
  7804 | D:9      | Gained mutation: You have a somewhat thin skeletal
                  | structure. (Dex +2, Stealth+) [potion of mutation]
  7804 | D:9      | Gained mutation: Your flesh is cold resistant. (rC+)
                  | [potion of mutation]
  7804 | D:9      | Gained mutation: Your flesh is heat resistant. (rF+)
                  | [potion of mutation]
  7805 | D:9      | Killed from afar by a larval batshock beast

Illustrated notes

Levels and vault maps discovered:
D:1:      dpeg_arrival_connections, layout_basic
D:2:      layout_loops_ring, hangedman_abyss_or_decor_lesser_grid
D:3:      layout_basic, shapermc_ecumenical_altar_ellora,
          lexackson_kobold_supper
D:4:      layout_basic, overflow_temple_1_default, reono_crystal_passage
D:5:      layout_basic
D:6:      layout_gridville, mainiacjoe_overflow_alcove_4, lemuel_tele_altar,
          minmay_temple_entry_slanted
D:7:      layout_basic, evilmike_ruin_ashenzari, gammafunk_temple_overflow_pools
D:8:      layout_loops_corners, dancing_weapons_uskayaw,
          gammafunk_ghost_abyssal_escape, minmay_misc_feat_x, minivault_26
D:9:      layout_basic, old_standard_altar,
          chequers_temple_overflow_statue_of_worship, nicolae_beast_mode,
          uniq_erolcha
Temple:   hellmonk_temple_flake

Skill      XL: |  1  2  3  4  5  6  7  8  9 |
---------------+----------------------------+-----
Shields        | 4 5 |  5.0
Axes           | 3 4 5 7 8 10 12 14 | 14.2
Invocations    | 3 5 |  5.2
Fighting       | |  3.6
Armour         | |  3.6

Action                     |  1- 3 |  4- 6 |  7- 9 || total
---------------------------+-------+-------+-------++-------
  Melee: War axe           |    66 |       |   159 ||   225
         Headbutt          |     5 |    13 |    38 ||    56
         Hand axe          |    10 |   133 |    31 ||   174
  Throw: Dart              |       |     1 |       ||     1
 Invoke: Heroism           |       |       |     1 ||     1
    Use: Scroll            |     3 |     5 |     6 ||    14
         Potion            |       |       |     4 ||     4
 Armour: Scale mail        |    23 |       |       ||    23
         Chain mail        |    33 |   106 |   230 ||   369
  Dodge: Dodged            |    29 |    57 |   116 ||   202
  Block: Buckler           |    20 |    37 |    75 ||   132

Table legend: (Time is in decaauts)
 A = Elapsed time spent in this place.
 B = Non-inter-level travel time spent in this place.
 C = Inter-level travel time spent in this place.
 D = Time resting spent in this place.
 E = Time spent auto-exploring this place.
 F = Levels seen in this place.
 G = Mean time per level.
                   A        B        C        D        E       F      G
               +--------+--------+--------+--------+--------+-----+--------+
         Total |   7816 |   7577 |    239 |    488 |   5426 |  10 |  781.6 |
       Dungeon |   7722 |   7483 |    239 |    436 |   5426 |   9 |  858.0 |
        Temple |     94 |     94 |      0 |     52 |      0 |   1 |   94.0 |
               +--------+--------+--------+--------+--------+-----+--------+

Top non-repeatable levels by time:
     D:5: 1149 daAuts
     D:3: 1112 daAuts
     D:8: 919 daAuts
     D:4: 915 daAuts
     D:1: 898 daAuts
     D:2: 829 daAuts
     D:7: 791 daAuts
     D:6: 787 daAuts
     D:9: 318 daAuts
  Temple: 94 daAuts
